 Dungeon Crawl Stone Soup version 0.27.1-34-g3ba077fa99 (webtiles) character file.

Game seed: 6729196427734492404

285 mtoz the Conjurer (level 6, -7/32 HPs)
             Began as a Deep Elf Conjurer on Jan 5, 2022.
             Was an Initiate of Vehumet.
             Killed from afar by Ijyb (18 damage)
             ... with a bolt of acid
             ... on level 4 of the Dungeon.
             The game lasted 00:15:00 (3876 turns).

mtoz the Conjurer (Deep Elf Conjurer)               Turns: 3876, Time: 00:15:01

Health: -7/32      AC: -2    Str:  6    XL:     6   Next: 7%
Magic:  11/15      EV: 13    Int: 23    God:    Vehumet [......]
Gold:   196        SH:  0    Dex: 13    Spells: 11/14 levels left

rFire    . . .     SeeInvis .   (no weapon)
rCold    . . .     Faith    .   (no shield)
rNeg     . . .     Spirit   .   a - +0 robe
rPois    .         Reflect  .   (no helmet)
rElec    .         Harm     .   (no cloak)
rCorr    .         Rampage  .   (no gloves)
Will     +....                  (no boots)
Stlth    +++.......             (no amulet)
HPRegen  0.10/turn              h - ring of flight
MPRegen  0.14/turn              g - ring of willpower

@: corroded, flying
A: no striking features
a: Renounce Religion


You were on level 4 of the Dungeon.
You worshipped Vehumet.
Vehumet was noncommittal.
You visited 1 branch of the dungeon, and saw 4 of its levels.

You collected 196 gold pieces.

Inventory:

Armour
 a - a +0 robe (worn)
Jewellery
 g - a ring of willpower (right hand)
 h - a ring of flight (left hand)
 q - a +4 ring of protection
Scrolls
 f - a scroll of blinking
 i - 2 scrolls of teleportation
 l - a scroll of immolation
 o - a scroll of fear {unknown}
 p - a scroll of identify
 r - a scroll of summoning {unknown}
Potions
 b - a potion of invisibility
 c - a potion of ambrosia
 d - a potion of heal wounds
 e - 2 potions of mutation
 j - a potion of might
 k - 2 potions of lignification
 m - 2 potions of attraction {unknown}
 n - a potion of curing {unknown}


   Skills:
 + Level 4.4 Dodging
 + Level 4.6 Stealth
 + Level 4.9 Spellcasting
 + Level 5.5 Conjurations


You had 11 spell levels left.
You knew the following spells:

 Your Spells              Type           Power      Damage    Failure   Level
a - Magic Dart            Conj           100%       1d8       1%          1
b - Searing Ray           Conj           62%        3d5       1%          2

Your spell library contained the following spells:

 Spells                   Type           Power      Damage    Failure   Level
 Dazzling Flash           Conj/Hex       36%        N/A       9%          3
 Summon Small Mammal      Summ           20%        N/A       10%         1
 Call Canine Familiar     Summ           5%         N/A       28%         3
 Summon Guardian Golem    Hex/Summ       5%         N/A       28%         3
 Fulminant Prism          Conj/Hex       9%         3d7       30%         4
 Iskenderun's Mystic Bla  Conj/Tloc      18%        2d6       30%         4


Dungeon Overview and Level Annotations

Branches:
Dungeon (4/15)
 Temple: D:4-7

Altars:
Ashenzari
Dithmenos
Nemelex Xobeh
Sif Muna
Vehumet

Annotations:
D:4 Ijyb


Message History

Vehumet accepts your kill.
The searing ray hits the endoplasm!
You kill the endoplasm!
Vehumet accepts your kill.
Found 22 stones and 7 gold pieces.
Found 16 gold pieces.
Things that are here:
a +0 mace; a +0 ring mail You now have 174 gold pieces (gained 16).
You now have 181 gold pieces (gained 7).
Found 15 gold pieces.
Found 18 arrows.
The gnoll shouts! x2
You now have 196 gold pieces (gained 15).
The gnoll shouts!
You reach down and open the door.
A ball python and Ijyb come into view.
Ijyb is wielding a +0 dagger, wearing a +1 ring mail of fire resistance and carrying a wand of acid (8).
There is an open door here.
Casting: Searing Ray (safe; 1% risk of failure)
Confirm with . or Enter, or press ? or * to list all spells.
Aiming: Magic Dart (safe; 1% risk of failure)
Press: ? - help, Shift-Dir - straight line, f - Ijyb
Aim: Ijyb, wielding a +0 dagger, wearing a +1 ring mail of fire resistance and carrying a wand of acid (8) (asleep, 100% to hit)
The magic dart hits Ijyb but does no damage.
Ijyb zaps a wand.
The bolt of acid hits you! The acid corrodes you!
You are splashed with acid!
Casting: Magic Dart (safe; 1% risk of failure)
Confirm with . or Enter, or press ? or * to list all spells.
Aiming: Searing Ray (safe; 1% risk of failure)
Press: ? - help, Shift-Dir - straight line, f/p - Ijyb
Aim: Ijyb, wielding a +0 dagger, wearing a +1 ring mail of fire resistance and carrying a wand of acid (7) (77% to hit)
The searing ray misses Ijyb. (Press . to maintain the ray.)
The ball python hisses angrily.
The searing ray hits Ijyb.
Ijyb is moderately wounded.
Ijyb zaps a wand.
The bolt of acid hits you!!
Ouch! That really hurt!
You die...

############...#≈≈....# ....
...........#ggg#≈≈....# ....
≈≈≈≈≈≈≈≈≈≈≈#####≈≈....# ....
≈≈≈≈≈≈≈≈≈≈≈≈≈≈≈≈≈≈≈....# ...#
≈≈≈≈≈≈≈≈≈≈≈≈≈≈≈≈≈≈≈....######+#
.................P.....#.......
...........#.....(...#.........
..........#.........#.........
#####.....(.###@########+#######
................g.S..# ##..#
......†..............# .....
.......)####.........# .....
..#####....#.........# .....
###...###..#.........# ##.##
#.#._.#.##.######...... ##+## .
#...#..#..'...#.........#.....
##+##..##.#...# .<......#.....


You could see Ijyb, 3 gnolls and a ball python.

Vanquished Creatures
  A hound (D:4)
  A jelly (D:4)
  Jessica (D:3)
  An iguana (D:3)
  2 gnolls
  8 adders
  4 worms
  2 dart slugs (D:2)
  An orc (D:4)
  9 ball pythons
  9 endoplasms
  A giant cockroach (D:4)
  4 goblins
  4 hobgoblins
  4 jackals
  5 quokkas
  5 bats
  3 frilled lizards
  7 kobolds
  7 rats
79 creatures vanquished.

Notes
Turn   | Place    | Note
-------+----------+-------------------------------------------
     0 | D:1      | mtoz the Deep Elf Conjurer began the quest for the Orb.
     0 | D:1      | Reached XP level 1. HP: 10/10 MP: 6/6
    19 | D:1      | Reached XP level 2. HP: 15/15 MP: 0/8
  1242 | D:2      | Reached XP level 3. HP: 19/19 MP: 8/10
  1354 | D:2      | Found a faded altar of an unknown god.
  1657 | D:2      | Learned a level 2 spell: Searing Ray
  1880 | D:2      | Reached XP level 4. HP: 21/24 MP: 8/11
  2013 | D:2      | Reached skill level 5 in Conjurations
  2566 | D:2      | Reached XP level 5. HP: 28/28 MP: 7/13
  3029 | D:3      | Found a large runed translucent door.
  3030 | D:3      | Found a large runed translucent door.
  3078 | D:3      | Found a sparkling altar of Nemelex Xobeh.
  3145 | D:3      | Noticed Jessica
  3148 | D:3      | Killed Jessica
  3295 | D:3      | Found a shimmering blue altar of Sif Muna.
  3433 | D:3      | Found a shadowy altar of Dithmenos.
  3442 | D:3      | Found a radiant altar of Vehumet.
  3445 | D:3      | Became a worshipper of Vehumet
  3677 | D:4      | Reached XP level 6. HP: 32/32 MP: 11/15
  3791 | D:4      | Found a broken altar of Ashenzari.
  3873 | D:4      | Noticed Ijyb
  3876 | D:4      | Killed from afar by Ijyb

Illustrated notes

Levels and vault maps discovered:
D:1:      amcnicky_arrival_flooded_fountain, layout_basic
D:2:      minmay_razor_zed, layout_basic,
          hellmonk_ecumenical_altar_slurped_away, minmay_snake_closets
D:3:      layout_rooms, jmf_multi_god_temple2, nemelex_altar_shiori,
          led_sif_pool, uniq_jessica
D:4:      lemuel_castle_with_subvaults [lemuel_castle_interior_original],
          layout_gridville, nicolae_ashenzari_skybound, minmay_ogre_servants,
          uniq_ijyb

Skill      XL: |  1  2  3  4  5 |
---------------+----------------+-----
Stealth        | 3 4 |  4.6
Dodging        | 3 4 |  4.4
Spellcasting   | 4 |  4.9
Conjurations   | 5 |  5.5

Action                   |  1- 3 |  4- 6 || total
-------------------------+-------+-------++-------
 Cast: Magic Dart        |    79 |    59 ||   138
       Searing Ray       |     1 |    13 ||    14
  Use: Scroll            |       |     9 ||     9
Armor: Robe              |     1 |     1 ||     2
Dodge: Dodged            |     1 |     6 ||     7
